 Dungeon Crawl Stone Soup version 0.29.1-13-g9f3cf754e1 (webtiles) character file.

Game seed: 1694238238198897066

3 onesockninja the Magician (level 1, -2/9 HPs)
             Began as a Vine Stalker Hedge Wizard on Nov 17, 2022.
             Slain by a quokka (3 damage)
             ... on level 1 of the Dungeon on Jan 19, 2023.
             The game lasted 00:01:08 (156 turns).

onesockninja the Magician (VSHW)                     Turns: 156, Time: 00:01:08

Health: -2/9       AC: 10    Str: 12    XL:     1   Next: 50%
Magic:  0/5        EV:  2    Int: 14    God:
Gold:   0          SH:  0    Dex: 13    Spells: 5/6 levels left

rFire   . . .      SeeInvis .   a - +0 dagger
rCold   . . .      Faith    .   (no shield)
rNeg    . . .      Spirit   +   g - +0 plate armour
rPois   .          Reflect  .   c - +0 hat
rElec   .          Harm     .   (no cloak)
rCorr   .          Rampage  .   (no gloves)
Will    .....                   (no boots)
Stlth   ..........              (no amulet)
HPRegen 0.03/turn               (no ring)
MPRegen 0.09/turn               (no ring)

@: no status effects
A: fangs 2, magic shield, antimagic bite, no potion heal 2
a: no special abilities


You were on level 1 of the Dungeon.
You visited 1 branch of the dungeon, and saw 1 of its levels.

Inventory:

Hand Weapons
 a - a +0 dagger (weapon)
 f - a +0 dagger
Armour
 b - a +0 robe
 c - a +0 hat (worn)
 g - a +0 plate armour (worn)
Scrolls
 e - a scroll of brand weapon {unknown}
Potions
 d - a potion of magic


   Skills:
 + Level 1.6 Dodging
 + Level 2.6 Stealth
 + Level 3.3 Spellcasting
 + Level 1.0 Conjurations
 + Level 1.0 Summonings
 + Level 1.0 Translocations


You had 5 spell levels left.
You knew the following spells:

 Your Spells              Type           Power      Damage    Failure   Level
a - Magic Dart            Conj           20%        1d4       100%        1

Your spell library contained the following spells:

 Spells                   Type           Power      Damage    Failure   Level
 Slow                     Hex            8%         N/A       100%        1
 Blink                    Tloc           10%        N/A       100%        2
 Call Imp                 Summ           5%         N/A       100%        2
 Conjure Flame            Conj/Fire      3%         6-21      100%        3
 Mephitic Cloud           Conj/Pois/Air  3%         N/A       100%        3


Dungeon Overview and Level Annotations

Branches:
Dungeon (1/15)

Altars:


Innate Abilities, Weirdness & Mutations

You have extremely sharp teeth.
When hurt, damage is shared between your health and your magic reserves.
Your bite disrupts and absorbs the magic of your enemies.
Potions cannot restore your health.


Message History

a +0 dagger; a goblin corpse
f - a +0 dagger A jackal comes into view.
Found a plate armour.
You see here a +0 plate armour.
You see here a +0 plate armour.
g - a +0 plate armour You start removing your armour.
You continue taking off your +0 robe. x4
You finish taking off your +0 robe.
You start putting on your armour.
You continue putting on your +0 plate armour. x5
You finish putting on your +0 plate armour.
Found 4 stones.
You see here 4 stones.
A bat comes into view.
A quokka comes into view.
The bat hits you but does no damage. The bat attacks as you move away!
The bat hits you but does no damage. x2
The bat hits you but does no damage.
The quokka bites you but does no damage.
The quokka bites you.
* * * LOW HITPOINT WARNING * * *
The bat hits you but does no damage.
The quokka bites you but does no damage.
The quokka bites you.
* * * LOW HITPOINT WARNING * * *
The bat hits you but does no damage. The bat attacks as you move away!
The bat hits you but does no damage. x2
You hit the bat.
The bat is heavily wounded.
The bat hits you but does no damage.
The quokka bites you but does no damage.
You barely miss the quokka. You bite the quokka, but do no damage.
The bat hits you but does no damage.
The quokka bites you but does no damage.
The quokka bites you. The bat hits you but does no damage.
You hit the bat.
You kill the bat!
The quokka bites you.
You die...

#... #####..
....... .....### #
..... .
#######.##########
#................#
#@...............#
#.r....#...#......
#......#...#.###.#
....###+##...#.#
#.# ...... #...#.#
#.# ###### #...#.#
#.. ....#.# #.#
###..#.. ..# ###
###


You could see a quokka.

Vanquished Creatures
  A bat (D:1)
  A giant cockroach (D:1)
  A goblin (D:1)
  A kobold (D:1)
4 creatures vanquished.

Notes
Turn   | Place    | Note
-------+----------+-------------------------------------------
     0 | D:1      | onesockninja the Vine Stalker Hedge Wizard began the quest
                  | for the Orb.
     0 | D:1      | Reached XP level 1. HP: 9/9 MP: 5/5
     0 | D:1      | Upgraded the game from 0.29.1-2-gbd0b4ee654 to
                  | 0.29.1-13-g9f3cf754e1
   156 | D:1      | Slain by a quokka

Illustrated notes

Levels and vault maps discovered:
D:1:      matt_arrival_refuge, layout_basic, ebering_ecumenical_altar_hall,
          columned_hall_lemuel, st_stairs_11

Action                   || total
-------------------------++-------
Melee: Dagger            ||    10
       Bite              ||     2
Armor: Plate armour      ||    15
Dodge: Dodged            ||     3
